 Dungeon Crawl Stone Soup version 0.20.1-1-g8b1a95d (webtiles) character file.

26358 equalderp2856 the Thaumaturge (level 12, -3/58 HPs)
             Began as a Spriggan Conjurer on Sept 6, 2017.
             Engulfed by a cloud of flame (25 damage)
             ... in a volcano.
             The game lasted 01:39:12 (26632 turns).

equalderp2856 the Thaumaturge (Spriggan Conjurer)  Turns: 26632, Time: 01:39:13

Health: -3/58      AC:  6    Str:  4    XL:     12   Next: 97%
Magic:  30/31      EV: 27    Int: 22    God:
Gold:   647        SH:  0    Dex: 16    Spells: 15/40 levels left

rFire    . . .     SeeInvis +   J - +1 war axe (elec)
rCold    + . .     Gourm    .   (shield restricted)
rNeg     . . .     Faith    .   K - +2 robe {rC+}
rPois    +         Spirit   .   (helmet restricted)
rElec    .         Reflect  .   f - +1 cloak
rCorr    .         Harm     .   (gloves unavailable)
MR       ++...                  (boots unavailable)
Stlth    +++++.....             j - amulet of rage
Regen    0.2/turn               G - ring of poison resistance
MPRegen  0.3/turn               I - ring of stealth

@: starving, very quick
A: unfitting armour, see invisible, herbivore 3, speed 3, slow metabolism 2
a: Evoke Berserk Rage


You were in a volcano.
You were starving.

You visited 2 branches of the dungeon, and saw 13 of its levels.
You also visited: Volcano.

You collected 647 gold pieces.

Inventory:

Hand Weapons
 m - a +0 shortbow
 y - a +0 blowgun
 J - a +1 war axe of electrocution (weapon)
 M - a +0 trident
Missiles
 n - 4 curare-tipped needles
 A - 2 throwing nets (quivered)
 E - 25 poisoned needles
Armour
 a - a +0 robe
 d - a +0 buckler
 f - a +1 cloak (worn)
 C - a +0 animal skin
 K - a +2 robe of cold resistance (worn)
 S - the +0 robe of Day {rElec}
   (You found it on level 2 of the Lair of Beasts)

   It insulates you from electricity.
 W - +0 pearl dragon scales
 Z - a +0 cloak
Magical Staves
 L - an uncursed staff of cold
Jewellery
 j - an amulet of rage (around neck)
 p - an uncursed ring of protection from cold
 G - a ring of poison resistance (left hand)
 I - a ring of stealth (right hand)
Wands
 l - a wand of scattershot (9/9)
 s - a wand of paralysis (15/24)
 x - a wand of iceblast (6/15)
 D - a wand of flame (43/48)
 O - a wand of digging (12/24)
 P - a wand of enslavement (12/24)
Scrolls
 g - 2 scrolls of fog
 h - 2 scrolls of magic mapping
 i - a scroll of identify
 r - 4 scrolls of remove curse
 v - 4 scrolls of fear
 R - a scroll of enchant weapon
 T - a scroll of teleportation
Potions
 e - 6 potions of heal wounds
 k - 6 potions of curing
 o - 2 potions of invisibility
 t - a potion of ambrosia
 u - a potion of haste
 w - 2 potions of cancellation
 z - 3 potions of mutation
 B - 2 potions of flight
 H - 2 potions of brilliance
 N - 6 potions of lignification
Books
 b - a book of Conjurations

   Spells                             Type                      Level
   a - Magic Dart                     Conjuration                  1
   b - Searing Ray                    Conjuration                  2
   c - Dazzling Spray                 Conjuration/Hexes            3
   d - Fulminant Prism                Conjuration/Hexes            4
   e - Force Lance                    Conjuration/Translocation    4
   f - Iskenderun's Mystic Blast      Conjuration                  4
 Q - a book of Misfortune

   Spells                             Type                      Level
   a - Confusing Touch                Hexes                        1
   b - Confuse                        Hexes                        3
   c - Gell's Gravitas                Translocation                3
   d - Petrify                        Transmutation/Earth          4
   e - Metabolic Englaciation         Hexes/Ice                    5
   f - Yara's Violent Unravelling     Hexes/Transmutation          5
 X - a book of Debilitation

   Spells                             Type                      Level
   a - Corona                         Hexes                        1
   b - Slow                           Hexes                        2
   c - Inner Flame                    Hexes/Fire                   3
   d - Portal Projectile              Hexes/Translocation          3
   e - Cause Fear                     Hexes                        4
   f - Leda's Liquefaction            Hexes/Earth                  4
Miscellaneous
 U - a box of beasts
Comestibles
 c - 6 bread rations
 q - 3 royal jellies


   Skills:
 + Level 3.6 Fighting
   Level 1.0 Short Blades
 + Level 5.3 Axes
 + Level 0.5 Bows
   Level 0.2 Crossbows
 + Level 0.6 Throwing
 + Level 0.4 Armour
 + Level 11.1 Dodging
 + Level 6.9 Stealth
 - Level 0.5 Shields
 + Level 0.1 Unarmed Combat
 + Level 14.5 Spellcasting
 + Level 8.7 Conjurations
 + Level 4.0 Hexes
 + Level 11.5 Translocations
 + Level 0.3 Evocations


You had 15 spell levels left.
You knew the following spells:

 Your Spells              Type           Power        Failure   Level  Hunger
a - Magic Dart            Conj           ####         1%          1    None
b - Force Lance           Conj/Tloc      ######..     1%          4    None
c - Fulminant Prism       Conj/Hex       #####.....   2%          4    None
d - Searing Ray           Conj           ######       1%          2    None
e - Dazzling Spray        Conj/Hex       #####.       1%          3    None
f - Iskenderun's Mystic   Conj           ######..     1%          4    None
g - Portal Projectile     Hex/Tloc       ######       1%          3    None
h - Slow                  Hex            ####....     1%          2    None
i - Corona                Hex            ####...      1%          1    None
j - Confusing Touch       Hex            ####..       1%          1    None


Dungeon Overview and Level Annotations

Branches:
Dungeon (10/15)            Temple (0/1) D:6            Lair (3/6) D:10
  Swamp (0/4) Lair:2        Snake (0/4) Lair:3
    Orc: D:9-12

Altars:
Ashenzari
Cheibriados
Elyvilon
Fedhas
Hepliaklqana
Makhleb
Nemelex Xobeh
Qazlal
Ru
Trog
Uskayaw
Vehumet
Xom

Shops:
D:4 *

Annotations:
Lair:3 Harold


Innate Abilities, Weirdness & Mutations

You are very small and have problems with some larger weapons.
You are too small for most types of armour.
You have supernaturally acute eyesight. (SInv)
You are a herbivore.
You cover ground extremely quickly.
You need consume almost no food.


Message History

You start resting.
You are starving!
Things that are here:
a mace of flaming; a robe of fire resistance; a human corpse
There is an open door here.
Things that are here:
a mace of flaming; a robe of fire resistance; a human corpse
Things that are here:
a mace of flaming; a robe of fire resistance; a human corpse The air gets thick with the scent of sulphur.
There is an open door, spattered with blood here.
There is an open door, spattered with blood here.
In the distance, the volcano erupts with a roar.
You are engulfed in blazing flames.
You are engulfed in blazing flames.
You are engulfed in blazing flames.
You are engulfed in blazing flames.
Unknown command.
You are engulfed in blazing flames.
You die...

###≈≈≈≈≈##
###§≈≈§≈§≈≈###
####§≈≈≈§≈≈≈≈≈≈§## ###
#≈≈§§≈≈≈≈≈≈§≈≈≈§§##≈≈##
≈≈≈§§§≈≈§≈§≈≈≈§≈§≈≈≈≈≈
≈≈≈≈≈§§≈§≈§§§≈≈§§≈≈≈
≈§≈≈####################
≈≈§≈#.....#§§§.§@§§§§.§§
≈§§≈#.∩.∩)'§#§#####§#§##
#≈§≈#....§#.#§§.#
§≈≈≈###'#########
≈≈≈≈#..)..# ≈≈≈≈#.....#
≈≈≈≈#.....# ≈≈≈≈#######
≈≈≈≈§≈§≈§§≈


There were no monsters in sight!

Vanquished Creatures
  5 hydras
  Fannar (Lair:2)
  The ghost of ceb the Cleaver, a journeyman DsGl of Qazlal (Lair:2)
  Erolcha (D:10)
  A two-headed ogre (D:9)
  Sonja (Lair:2)
  4 wizards (Volcano)
  2 toenail golems (Volcano)
  2 black mambas (Lair:2)
  6 spiny frogs
  2 komodo dragons (Lair:1)
  2 trolls (D:10)
  7 hippogriffs
  2 wyverns
  10 yaks
  2 hogs (D:7)
  A human (D:7)
  2 basilisks
  6 swamp worms (Lair:2)
  8 water moccasins
  11 porcupines
  2 hell hounds (Lair:3)
  A sky beast (D:9)
  4 black bears
  6 ice beasts
  2 orc warriors
  A phantom (D:9)
  6 ogres
  A necrophage (D:8)
  3 wolves (D:10)
  6 centaurs
  12 crocodiles
  5 big kobolds
  11 bullfrogs
  6 scorpions
  A wyvern skeleton (D:10)
  11 killer bees
  4 howler monkeys
  An electric eel (Lair:2)
  2 bullfrog zombies
  6 crimson imps
  A centaur zombie (D:9)
  4 hounds
  A quasit (D:9)
  A bullfrog skeleton (D:9)
  9 orc priests
  3 jellies
  16 orc wizards
  A centaur skeleton (D:4)
  An iguana (D:4)
  5 worker ants
  A hound zombie (D:7)
  A worker ant zombie (D:8)
  Robin (D:3)
  5 gnolls
  A howler monkey zombie (D:7)
  16 adders
  2 shadow imps
  2 oozes
  3 adder skeletons
  A worm (D:8)
  4 dart slugs
  5 leopard geckos
  27 orcs
  12 bats
  6 giant cockroaches
  11 goblins
  10 hobgoblins
  4 jackals (D:1)
  31 kobolds
  8 quokkas
  6 frilled lizards
  A giant cockroach zombie (D:6)
  A jackal skeleton (D:4)
  2 leopard gecko skeletons (D:6)
  7 rats
  3 fulminant prisms
381 creatures vanquished.

Vanquished Creatures (others)
  The ghost of CrashTest the Thaumaturge, a novice DEIE of Vehumet (Volcano)
  A wizard (Volcano)
  An orc wizard (D:4)
  A giant cockroach (D:4)
  40 fulminant prisms
  4 fungi
  4 plants
52 creatures vanquished.

Grand Total: 433 creatures vanquished

Notes
Turn   | Place    | Note
-------+----------+-------------------------------------------
     0 | D:1      | equalderp2856 the Spriggan Conjurer began the quest for the Orb.
     0 | D:1      | Reached XP level 1. HP: 9/9 MP: 5/5
   404 | D:1      | Reached XP level 2. HP: 13/13 MP: 0/6
  1362 | D:1      | Reached skill level 3 in Spellcasting
  1362 | D:1      | Reached XP level 3. HP: 16/16 MP: 0/8
  2610 | D:2      | Found a stormy altar of Qazlal.
  2617 | D:2      | Reached XP level 4. HP: 21/21 MP: 4/10
  2672 | D:2      | Found a sacrificial altar of Ru.
  2815 | D:3      | Learned a level 4 spell: Force Lance
  2842 | D:3      | Learned a level 4 spell: Fulminant Prism
  3041 | D:3      | Noticed Robin
  3209 | D:3      | Reached skill level 4 in Spellcasting
  3240 | D:3      | Learned a level 2 spell: Searing Ray
  3758 | D:3      | Reached XP level 5. HP: 24/24 MP: 4/12
  4213 | D:3      | Killed Robin
  4484 | D:4      | Found Vonidd's General Store.
  4554 | D:4      | Reached skill level 5 in Spellcasting
  5054 | D:3      | Reached XP level 6. HP: 10/29 MP: 9/14
  5317 | D:3      | Reached skill level 1 in Axes
  5592 | D:4      | Reached skill level 1 in Translocations
  5926 | D:4      | Found a sparkling altar of Nemelex Xobeh.
  6173 | D:4      | Found a shattered altar of Ashenzari.
  6501 | D:4      | Reached XP level 7. HP: 19/32 MP: 6/16
  6665 | D:4      | Reached skill level 6 in Spellcasting
  7542 | D:5      | Entered Level 5 of the Dungeon
  7560 | D:5      | Found a blossoming altar of Fedhas.
  7775 | D:5      | Reached skill level 7 in Spellcasting
  7981 | D:5      | Reached XP level 8. HP: 26/37 MP: 10/20
  8101 | D:5      | Found a hazy altar of Hepliaklqana.
  8143 | D:5      | Reached skill level 5 in Dodging
  8414 | D:5      | Reached skill level 8 in Spellcasting
  8692 | D:6      | Reached skill level 1 in Fighting
  8748 | D:6      | Reached skill level 5 in Conjurations
  8748 | D:6      | Reached skill level 5 in Translocations
  8956 | D:6      | Found a staircase to the Ecumenical Temple.
  9127 | D:6      | Found a hide-covered altar of Uskayaw.
  9237 | D:6      | Reached skill level 9 in Spellcasting
 10215 | D:6      | Learned a level 3 spell: Dazzling Spray
 10220 | D:6      | Learned a level 4 spell: Iskenderun's Mystic Blast
 10281 | D:7      | Reached XP level 9. HP: 41/41 MP: 19/23
 11192 | D:7      | Found a shattered altar of Ashenzari.
 11192 | D:7      | Found a radiant altar of Vehumet.
 11330 | D:7      | Found a white marble altar of Elyvilon.
 11354 | D:7      | Learned a level 3 spell: Portal Projectile
 11357 | D:7      | Learned a level 2 spell: Slow
 11359 | D:7      | Learned a level 1 spell: Corona
 11372 | D:7      | Found a shimmering altar of Xom.
 11372 | D:7      | Found a burning altar of Makhleb.
 11972 | D:7      | Reached skill level 10 in Spellcasting
 11994 | D:7      | Reached skill level 5 in Stealth
 13225 | D:8      | Found a snail-covered altar of Cheibriados.
 13273 | D:8      | Reached XP level 10. HP: 41/46 MP: 1/25
 13475 | D:8      | Got a transparent war axe
 13504 | D:8      | Identified the cursed +1 war axe of the Eternal Warrior {chaos, +Inv} (You found it on level 8 of the Dungeon)
 14066 | D:9      | Noticed a two-headed ogre
 14429 | D:9      | Reached skill level 11 in Spellcasting
 14812 | D:9      | Killed a two-headed ogre
 15364 | D:9      | Learned a level 1 spell: Confusing Touch
 16177 | D:9      | Found a bloodstained altar of Trog.
 16651 | D:9      | Reached skill level 1 in Short Blades
 16816 | D:10     | Entered Level 10 of the Dungeon
 17180 | D:10     | Noticed Erolcha
 17531 | D:10     | Killed Erolcha
 17531 | D:10     | Reached XP level 11. HP: 51/51 MP: 4/27
 17555 | D:10     | Noticed an unseen horror
 18258 | D:10     | Found a staircase to the Lair.
 18283 | D:10     | Reached skill level 12 in Spellcasting
 18552 | Lair:1   | Entered Level 1 of the Lair of Beasts
 19210 | Lair:1   | Reached skill level 10 in Translocations
 19495 | Lair:1   | Noticed a four-headed hydra
 20117 | Lair:1   | Reached skill level 1 in Hexes
 20143 | Lair:1   | Reached skill level 10 in Dodging
 20356 | Lair:1   | Killed a four-headed hydra
 20978 | Lair:2   | Reached skill level 13 in Spellcasting
 21160 | Lair:2   | Noticed ceb's ghost (journeyman DsGl)
 21272 | Lair:2   | Noticed a four-headed hydra
 21279 | Lair:2   | Killed a four-headed hydra
 21502 | Lair:2   | Noticed Sonja
 21523 | Lair:2   | Killed Sonja
 21523 | Lair:2   | Reached XP level 12. HP: 56/56 MP: 19/30
 21531 | Lair:2   | Noticed a seven-headed hydra
 21548 | Lair:2   | Killed a seven-headed hydra
 21784 | Lair:2   | Noticed Fannar
 21796 | Lair:2   | Reached skill level 5 in Axes
 22551 | Lair:2   | Killed Fannar
 23231 | Lair:2   | Found a staircase to the Swamp.
 24558 | Lair:2   | Noticed a five-headed hydra
 24576 | Lair:2   | Killed a five-headed hydra
 24576 | Lair:2   | Reached skill level 14 in Spellcasting
 24807 | Lair:2   | Got a colourful robe
 24818 | Lair:2   | Identified the cursed +0 robe of Day {rElec} (You found it on level 2 of the Lair of Beasts)
 24918 | Lair:2   | Killed ceb's ghost
 25108 | Lair:2   | Noticed a six-headed hydra
 25126 | Lair:2   | Killed a six-headed hydra
 26209 | Lair:3   | Noticed Harold
 26245 | Lair:3   | Found a dark tunnel.
 26257 | Volcano  | Entered a volcano
 26258 | Volcano  | Noticed CrashTest's ghost (novice DEIE)
 26263 | Volcano  | Killed CrashTest's ghost
 26632 | Volcano  | Engulfed by a cloud of flame

Skill      XL: |  1  2  3  4  5  6  7  8  9 10 11 12 |
---------------+-------------------------------------+-----
Conjurations   | 3 4 5 6 7 8 |  8.7
Spellcasting   | 3 4 5 7 9 10 11 13 14 | 14.5
Stealth        | 4 5 6 |  6.9
Dodging        | 4 5 6 8 10 11 | 11.1
Axes           | 1 2 4 5 |  5.3
Translocations | 2 3 6 8 9 10 11 | 11.5
Fighting       | 1 2 3 |  3.6
Short Blades   | 1 |  1.0
Hexes          | 2 4 |  4.0
Bows           | |  0.5
Crossbows      | |  0.2
Throwing       | |  0.6
Armour         | |  0.4
Shields        | |  0.5
Unarmed Combat | |  0.1
Evocations     | |  0.3

Action                   |  1- 3 |  4- 6 |  7- 9 | 10-12 || total
-------------------------+-------+-------+-------+-------++-------
Melee: Hand axe          |       |    34 |    13 |       ||    47
       War axe           |       |       |    35 |   210 ||   245
 Cast: Magic Dart        |   122 |   140 |   258 |   300 ||   820
       Searing Ray       |       |    22 |    49 |    80 ||   151
       Force Lance       |       |       |    12 |   156 ||   168
       Iskenderun's Myst |       |       |     4 |    27 ||    31
       Dazzling Spray    |       |       |     2 |     2 ||     4
       Fulminant Prism   |       |       |       |    43 ||    43
       Slow              |       |       |       |     6 ||     6
       Portal Projectile |       |       |       |     3 ||     3
  Use: Potion            |       |       |     2 |     3 ||     5
       Scroll            |       |       |       |    26 ||    26
 Stab: Sleeping          |       |       |       |     3 ||     3
       Distracted        |       |       |       |     1 ||     1
  Eat: Fruit             |       |     1 |     4 |     6 ||    11
       Royal jelly       |       |       |     1 |     3 ||     4
Armor: Robe              |     7 |     6 |     9 |    26 ||    48
Dodge: Dodged            |    66 |    95 |   163 |   527 ||   851
